Map: Неоновая площадь РВ

Players

Ibrujo

  • Race: Zerg Zerg
  • League: Diamond
  • Spawn Location: 5:00

Astranom - Winner!

  • Race: Terran Terran
  • League: Platinum
  • Spawn Location: 11:00

VOD

Have the link to the VOD?

Description

Golden Push

Time

  • Played on: Nov. 19, 2017, 8:46 a.m.
  • Length: 8:04
Show
View Real Time Build Order
Export as new Build Order

Ibrujo Zerg 

Build Orders: Pool First 

Get SALT Encoding   

  12  0:02  Drone  
  13  0:14  Overlord  
  13  0:19  Drone  
  14  0:33  Drone x2  
  16  0:36  Drone  
  17  0:49  Spawning Pool  
  16  0:52  Drone  
  16  0:55  Extractor  
  16  0:59  Drone  
  17  1:37  Queen  
  17  1:38  Roach Warren  
  19  1:40  Drone x3  
  21  1:53  Zergling x2  
  22  1:59  Metabolic Boost  
  22  2:01  Overlord  
  22  2:05  Extractor  
  21  2:21  Overlord  
  21  2:26  Zergling x2  
  22  2:35  Roach  
  24  2:48  Roach  
  24  2:49  Hatchery  
  25  2:56  Roach  
  27  3:01  Zergling x2  
  28  3:06  Drone  
  28  3:11  Zergling x2  
  29  3:22  Roach  
  31  3:30  Overlord  
  31  3:36  Roach  
  33  3:42  Roach  
  37  3:48  Roach  
  37  3:56  Roach  
  39  4:03  Roach  
  39  4:06  Drone  
  42  4:16  Roach  
  44  4:25  Queen  
  41  4:35  Roach  
  43  4:40  Roach  
  45  4:46  Roach  
  45  4:49  Roach  
  49  4:59  Roach  
  49  5:03  Roach  
  46  5:07  Zergling x2  
  46  5:14  Roach  
  46  5:18  Roach  
  44  5:26  Roach  
  40  5:31  Roach  
  39  5:36  Roach  
  39  5:42  Roach  
  43  5:48  Zergling x2  
  44  5:53  Overlord  
  44  6:11  Zergling x8  
  43  6:15  Zergling x2  
  34  6:20  Zergling x2  
  34  6:25  Zergling x4  
  37  6:32  Zergling x2  
  38  6:35  Zergling x2  
  38  6:38  Zergling x2  
  32  6:43  Zergling x2  
  30  6:49  Zergling x2  
  28  6:56  Zergling x4  
  25  7:01  Zergling x2  
  25  7:04  Roach  
  27  7:10  Zergling x2  
  27  7:14  Zergling x2  
  28  7:32  Roach  
  26  7:37  Zergling x2  
Show
View Real Time Build Order
Export as new Build Order

Astranom Terran - Winner!

Build Orders:  

Get SALT Encoding   

  12  0:41  Supply Depot  
  12  0:49  SCV  
  13  1:02  SCV  
  14  1:05  Barracks  
  14  1:14  SCV  
  15  1:19  Barracks  
  15  1:26  SCV  
  16  1:33  Barracks  
  16  1:38  SCV  
  17  1:45  Barracks  
  17  1:51  SCV  
  18  1:56  Marine  
  18  2:01  Refinery  
  19  2:04  Refinery  
  19  2:05  SCV  
  19  2:07  Marine  
  21  2:15  Marine  
  22  2:20  Marine  
  23  2:38  Supply Depot  
  23  2:42  Supply Depot  
  23  3:00  SCV, Marine x4  
  28  3:12  SCV  
  29  3:16  Supply Depot  
  29  3:18  Marine x3  
  33  3:20  Supply Depot  
  33  3:22  Factory  
  33  3:32  Barracks Tech Lab  
  32  3:35  Marine x2  
  32  3:39  Marine  
  35  3:50  Factory  
  35  3:53  Marine x2  
  35  3:55  Marauder  
  39  3:57  Marine  
  40  4:10  Cyclone  
  40  4:11  Marine x2  
  45  4:27  Marine x2  
  45  4:29  Marine  
  47  4:42  Cyclone  
  50  4:48  Cyclone  
  45  5:14  Cyclone  
  45  5:20  Cyclone  
  43  5:33  Marine x4  
  39  5:49  Cyclone  
  40  5:50  Marine  
  40  5:51  Marine x2  
  40  5:52  Cyclone, Marine  
  46  6:08  Marine x2  
  46  6:09  Marine  
  46  6:10  Marine  
  47  6:26  Marine x2  
  49  6:36  Marine x2  
  49  6:39  Cyclone x2  
  54  6:44  Marine  
  55  6:50  Marine  
  55  6:54  Marine  
  54  7:05  Marine  
  55  7:32  Marine x3  
Tags
 
Add a new tag
Caveats
  • Supply blocks, unpowered buildings, or Contaminate may cause inaccurate times.
  • Supply counts are checked every 10 seconds.